AoeStats
← Diomedes 2775

Arena

506301387Analyzed
2v2 RM · 18d ago on Sep 13, 2026· 67m 32s· 4 players
Game mode
Random Map
Map size
Medium (4 player)
Population
200
Speed
Normal
Resources
Standard
Victory
Conquest
Starting age
Dark Age
Ending age
Imperial Age
RankedLock teamsTeams togetherTeam positionsShared explorationLock speedFull tech treeHidden civsTurbo modeCheats
Victory
Defeat
🇺🇸 Byzantines · United States
971
+12
🇺🇸 Britons · United States
841
+17
🇨🇦 Turks · Canada
901
-16
🇨🇦 Spanish · Canada
842
-13
iachen
12:06 Feudal Age
17:05 Castle Age
16:16 Stone Mining
16:20 Double-Bit Axe
18:06 Bow Saw
22:56 Wheelbarrow
42:03 Imperial Age
42:56 Artillery
47:48 Conscription
49:02 Gold Mining
50:37 Two-Man Saw
53:03 Gold Shaft Mining
51:59 Elite Janissary
57:09 Bloodlines
57:01 Husbandry
63:15 Caravan
n8rater
11:54 Feudal Age
10:10 Loom
18:01 Castle Age
16:59 Double-Bit Axe
18:29 Horse Collar
32:20 Scale Barding Armor
38:13 Bow Saw
38:06 Heavy Plow
39:05 Chain Barding Armor
41:06 Bloodlines
40:57 Husbandry
54:10 Pikeman
55:39 Scale Mail Armor
57:24 Gambesons
57:40 Squires
61:01 Imperial Age
61:29 Halberdier
Diomedes 2775
11:27 Feudal Age
16:06 Castle Age
14:27 Double-Bit Axe
16:20 Fletching
20:10 Bow Saw
20:26 Padded Archer Armor
27:47 Bodkin Arrow
29:32 Yeomen
38:06 Imperial Age
39:13 Bracer
39:29 Leather Archer Armor
39:43 Crossbowman
43:21 Loom
44:13 Wheelbarrow
48:24 Elite Longbowman
52:27 Horse Collar
57:37 Caravan
58:31 Husbandry
65:52 Ring Archer Armor
66:09 Arbalester
67:24 Light Cavalry
Sanguinius7193
0:47 Loom
11:44 Feudal Age
14:39 Wheelbarrow
17:01 Castle Age
15:24 Horse Collar
15:34 Double-Bit Axe
16:47 Scale Barding Armor
25:48 Hand Cart
26:07 Forging
26:22 Chain Barding Armor
28:36 Iron Casting
31:06 Fletching
31:17 Padded Archer Armor
34:55 Imperial Age
32:44 Bodkin Arrow
34:34 Bow Saw
34:54 Ballistics
36:12 Bracer
35:34 Elite Skirmisher
37:21 Conscription
38:48 Chemistry
38:43 Gold Mining
39:03 Heavy Plow
40:30 Plate Barding Armor
43:37 Logistica
43:51 Heavy Camel Rider
44:32 Husbandry
45:55 Leather Archer Armor
47:42 Ring Archer Armor
51:11 Light Cavalry
54:16 Gold Shaft Mining
53:31 Stone Mining
55:01 Hussar
55:44 Elite Cataphract
62:46 Caravan
Connection lost

Rejoining the realm…

Still unreachable

The connection could not be restored.

Session expired

The server has moved on; the page needs a fresh start.